 Dungeon Crawl Stone Soup version 0.14-a0-1817-gb992dfe (webtiles) character file.

7247 PolkaDot the Conjurer (level 10, 0/63 HPs)
             Began as a Vampire Conjurer on Jan 9, 2014.
             Was an Elder of Vehumet.
             Slain by an orc knight
             ... wielding a +1,+5 orcish glaive
              (29 damage)
             ... in a bailey.
             The game lasted 00:57:36 (9823 turns).

PolkaDot the Conjurer (Vampire Conjurer)            Turns: 9823, Time: 00:57:37

HP   0/63        AC 12     Str  8      XL: 10   Next: 80%
MP   7/25        EV 12     Int 20      God: Vehumet [****..]
Gold 322         SH  0     Dex 14      Spells:  7 memorised,  8 levels left

rFire  . . .     SeeInvis +     n - +8,+7 halberd "Psofuch" {chop, MR+ Str+1}
rCold  . . .     Clarity  .     a - +2 robe
rNeg   . . .     Conserve .     (no shield)
rPois  +         rCorr    .     h - +2 wizard hat (curse)
rElec  .         rRot     .     w - +2 elf cloak
SustAb . .       Spirit   .     (no gloves)
rMut   +         Warding  .     (no boots)
Saprov . . .     Stasis   .     b - amulet of resist mutation
                                s - +3 ring of protection
                                y - ring of poison resistance

@: regenerating quickly, invisible, very slightly contaminated, quite resistant
to hostile enchantments, stealthy
A: bottle blood, fangs 3, see invisible, unbreathing
a: Bottle Blood, Renounce Religion


You were in a bailey.
You worshipped Vehumet.
Vehumet was greatly pleased with you.
You were very full.

You visited 2 branches of the dungeon, and saw 11 of its levels.
You also visited: Bailey.

You collected 419 gold pieces.
You spent 97 gold pieces at shops.

Inventory:

Hand weapons
 n - the +8,+7 halberd "Psofuch" (weapon) {chop, MR+ Str+1}
   (You found it on level 10 of the Dungeon)

   It inflicts extra damage upon your enemies.
   It affects your strength (+1).
   It affects your resistance to hostile enchantments.
Armour
 a - a +2 robe (worn)
 h - a cursed +2 wizard hat (worn)
 w - a +2 elven cloak (worn)
Magical devices
 r - a wand of fire (5)
Scrolls
 e - a scroll of noise
 f - 3 scrolls of teleportation
 g - 2 scrolls of blinking
 j - 2 scrolls of magic mapping
 k - a scroll of remove curse
 v - 3 scrolls of fog
 B - a scroll of fear
Jewellery
 b - an amulet of resist mutation (around neck)
 m - an uncursed amulet of stasis
 p - an uncursed ring of protection from magic
 s - a +3 ring of protection (right hand)
 t - an uncursed ring of protection from magic
 x - an uncursed ring of positive energy {unknown}
 y - a ring of poison resistance (left hand)
 z - an uncursed ring of see invisible {unknown}
Potions
 i - a potion of lignification
 l - 2 potions of curing
 q - a potion of invisibility
 u - a potion of berserk rage {unknown}
 A - a potion of speed
 E - 2 potions of might
Books
 c - a book of Conjurations

   Spells                             Type                      Level
   *Magic Dart                        Conjuration                  1
   *Searing Ray                       Conjuration                  2
   Dazzling Spray                     Conjuration/Hexes            3
   *Iskenderun's Mystic Blast         Conjuration                  4
   Iskenderun's Battlesphere          Conjuration/Charms           4
   Fulminant Prism                    Conjuration/Hexes            5
 d - a book of War Chants

   Spells                             Type                      Level
   Fire Brand                         Charms/Fire                  2
   Freezing Aura                      Charms/Ice                   2
   Shroud of Golubria                 Charms/Translocation         2
   Repel Missiles                     Charms/Air                   2
   Poison Weapon                      Charms/Poison                3
   Regeneration                       Charms/Necromancy            3
 o - a book of Party Tricks

   Spells                             Type                      Level
   Summon Butterflies                 Summoning                    1
   Apportation                        Translocation                1
   *Blink                             Translocation                2
   Alistair's Intoxication            Transmutation/Poison         4
   Tukima's Dance                     Hexes                        5


   Skills:
 - Level 2.1 Dodging
 - Level 3.0 Stealth
 - Level 7.2 Spellcasting
 + Level 10.3 Conjurations
 + Level 5.5 Ice Magic
 * Level 4.6 Air Magic


You had 8 spell levels left.
You knew the following spells:

 Your Spells              Type           Power        Failure   Level  Hunger
a - Throw Frost           Conj/Ice       #####.       1%          2    None
d - Iskenderun's Mystic   Conj           #####...     1%          4    ###....
f - Magic Dart            Conj           ####         1%          1    None
q - Blink                 Tloc           N/A          17%         2    None
s - Searing Ray           Conj           #####.       1%          2    None
z - Mephitic Cloud        Conj/Pois/Air  ####....     1%          3    #......
A - Freeze                Ice            ####         1%          1    None


Dungeon Overview and Level Annotations

Branches:
Dungeon (10/16)            Temple (1/1) D:4             Orc (0/4) D:9
   Lair (0/8) D:9

Altars:
Ashenzari
Cheibriados
Elyvilon
Sif Muna
Trog
Vehumet
the Shining One

Shops:
D:5 *   D:6 !

Annotations:
D:7 exclusion: 2 doors


Innate Abilities, Weirdness & Mutations

Your natural rate of healing is unusually fast.
You can bottle blood from corpses.
You have razor-sharp teeth.*
You have supernaturally acute eyesight.
You can survive without breathing.*


Message History

Confirm with . or Enter, or press ? or * to list all spells.
Aiming: Iskenderun's Mystic Blast
Press: ? - help, Shift-Dir - straight line, f/p - orc knight
Aim: an orc knight, wielding a glowing orcish glaive and wearing an orcish chain mail (hasn't noticed you)
The orb of energy hits the orc knight.
The orc knight is moderately wounded.
* * * LOW MAGIC WARNING * * *
The orc warrior is engulfed in noxious fumes.
The orc warrior appears confused.
Casting: Iskenderun's Mystic Blast
Confirm with . or Enter, or press ? or * to list all spells.
Aiming: Iskenderun's Mystic Blast
Press: ? - help, Shift-Dir - straight line, f/p - orc knight
Aim: an orc knight, wielding a glowing orcish glaive and wearing an orcish chain mail (noxious fumes, lightly wounded)
The orb of energy hits the orc knight.
The orc knight is heavily wounded.
* * * LOW MAGIC WARNING * * *
The orc knight is engulfed in noxious fumes.
The orc knight hits you from afar with a glowing orcish glaive!
You die...

##### ####### #####
.....#########.....## ##....
.o....#.....#.......######.....
oo.....'.....'.......#....#.....
oo.....'..)).§§......'))))'.....
oo.....'.)o)§o§@.....#..).#.....
oo....#....§#§......######.....
.....#########.....## ##....
##### ####### #####


You could see an orc knight and an orc warrior (confused).

Vanquished Creatures
  The ghost of ReteAZ the Fighter, a powerful DgFE (D:10)
  A spriggan (D:7)
  Prince Ribbit (D:8)
  The ghost of Herrn the Skirmisher, an average DjFi (D:4)
  Eustachio (D:6)
  A deep elf fighter (D:9)
  A hungry ghost (D:7)
  Edmund (D:6)
  3 phantoms
  4 sky beasts
  An ogre (D:8)
  An ice beast (D:5)
  5 centaurs
  6 orc warriors
  4 giant goldfish (D:7)
  Sigmund (D:5)
  Duvessa (D:8)
  6 giant frogs
  Blork the orc (D:7)
  A manticore skeleton (D:9)
  2 water moccasins
  A cyclops skeleton (D:9)
  6 killer bees (D:7)
  3 jellyfish (D:7)
  Dowan (D:8)
  3 goliath beetles
  2 jellies
  2 crimson imps
  3 hounds
  3 electric eels (D:7)
  A giant frog skeleton (D:5)
  A centaur skeleton (D:5)
  An orc priest (D:9)
  A giant frog zombie (D:9)
  3 orc wizards
  2 scorpions
  7 worker ants
  2 iguanas (D:7)
  A hound skeleton (D:4)
  A crocodile skeleton (D:7)
  4 gnolls (D:3)
  2 green rats (D:9)
  7 adders
  4 worms
  51 orcs
  29 bats
  A bat skeleton (D:6)
  3 giant cockroaches
  18 hobgoblins
  5 oozes
  A ball python (D:1)
  7 giant geckos
  5 giant newts
  2 giant spores
  13 goblins
  2 goblin skeletons
  6 jackals
  15 kobolds
  2 kobold skeletons
  3 quokkas
  22 rats
  A rat skeleton (D:5)
  4 ballistomycetes
  A plant (D:7)
296 creatures vanquished.

Vanquished Creatures (others)
  A giant spore (D:8)
  A butterfly (D:7)
  5 plants (D:7)
7 creatures vanquished.

Grand Total: 303 creatures vanquished

Notes
Turn   | Place    | Note
--------------------------------------------------------------
     0 | D:1      | PolkaDot, the Vampire Conjurer, began the quest for the Orb.
     0 | D:1      | Reached XP level 1. HP: 13/13 MP: 3/3
   351 | D:1      | Reached XP level 2. HP: 16/19 MP: 1/4
   386 | D:1      | Learned a level 2 spell: Searing Ray
  1177 | D:2      | Reached XP level 3. HP: 24/24 MP: 0/6
  1289 | D:2      | Learned a level 2 spell: Blink
  1501 | D:2      | Reached skill level 4 in Conjurations
  1737 | D:3      | Reached XP level 4. HP: 30/30 MP: 3/7
  2369 | D:3      | Reached XP level 5. HP: 35/35 MP: 9/9
  2517 | D:4      | Reached skill level 5 in Conjurations
  2586 | D:4      | Noticed a phantom
  2634 | D:4      | Killed a phantom
  2634 | D:4      | Reached XP level 6. HP: 41/41 MP: 3/10
  2918 | D:4      | Found a staircase to the Ecumenical Temple.
  2974 | Temple   | Entered the Ecumenical Temple
  2978 | Temple   | Became a worshipper of Vehumet
  3195 | D:4      | Noticed Herrn's ghost (average DjFi)
  3222 | D:4      | Reached skill level 6 in Conjurations
  3240 | D:4      | Killed Herrn's ghost
  3240 | D:4      | Reached XP level 7. HP: 26/46 MP: 3/14
  3783 | D:5      | Entered Level 5 of the Dungeon
  4054 | D:5      | Reached skill level 7 in Conjurations
  4054 | D:5      | Reached XP level 8. HP: 42/52 MP: 3/18
  4153 | D:5      | Noticed Sigmund
  4173 | D:5      | Killed Sigmund
  4302 | D:5      | Acquired Vehumet's first power
  4302 | D:5      | Offered knowledge of Sting by Vehumet.
  4303 | D:5      | Found Gheutig's General Store.
  4311 | D:5      | Bought a scroll of identify for 26 gold pieces
  4931 | D:6      | Learned a level 4 spell: Iskenderun's Mystic Blast
  4958 | D:6      | Found Cihaiguw's Distillery.
  4958 | D:6      | Noticed a moth of wrath
  4960 | D:6      | Found a bloodstained altar of Trog.
  5063 | D:6      | Bought a potion of invisibility for 71 gold pieces
  5129 | D:6      | Reached skill level 5 in Spellcasting
  5129 | D:6      | Reached skill level 8 in Conjurations
  5270 | D:6      | Noticed Edmund
  5323 | D:6      | Killed Edmund
  5323 | D:6      | Offered knowledge of Freeze by Vehumet.
  5330 | D:6      | Learned a level 1 spell: Freeze
  5621 | D:6      | Noticed Eustachio
  5661 | D:6      | Killed Eustachio
  5745 | D:7      | Noticed a spriggan baker
  5748 | D:7      | Killed a spriggan baker
  5748 | D:7      | Reached XP level 9. HP: 57/57 MP: 19/22
  5849 | D:7      | Noticed Blork the orc
  5857 | D:7      | Killed Blork the orc
  5900 | D:7      | Reached skill level 9 in Conjurations
  6356 | D:7      | Reached skill level 1 in Ice Magic
  6363 | D:7      | Offered knowledge of Throw Frost by Vehumet.
  6371 | D:7      | Learned a level 2 spell: Throw Frost
  6656 | D:7      | Acquired Vehumet's second power
  7346 | D:8      | Reached XP level 10. HP: 48/63 MP: 24/24
  7658 | D:8      | Noticed Prince Ribbit
  7672 | D:8      | Killed Prince Ribbit
  7828 | D:8      | Reached skill level 10 in Conjurations
  8041 | D:8      | Found a glowing golden altar of the Shining One.
  8088 | D:8      | Found a snail-covered altar of Cheibriados.
  8094 | D:8      | Found a white marble altar of Elyvilon.
  8268 | D:8      | Noticed Dowan
  8270 | D:8      | Noticed Duvessa
  8280 | D:8      | Killed Duvessa
  8282 | D:8      | Killed Dowan
  8336 | D:9      | Found a staircase to the Orcish Mines.
  8471 | D:9      | Offered knowledge of Mephitic Cloud by Vehumet.
  8498 | D:9      | Learned a level 3 spell: Mephitic Cloud
  8686 | D:9      | Reached skill level 1 in Air Magic
  8705 | D:9      | Found a glowing golden altar of the Shining One.
  8870 | D:9      | Found a staircase to the Lair.
  8998 | D:9      | Acquired Vehumet's third power
  9190 | D:10     | Entered Level 10 of the Dungeon
  9217 | D:10     | Noticed ReteAZ's ghost (powerful DgFE)
  9275 | D:10     | Killed ReteAZ's ghost
  9275 | D:10     | Reached skill level 5 in Ice Magic
  9316 | D:10     | Found a flagged portal.
  9329 | D:10     | Got a shimmering halberd
  9330 | D:10     | Identified the +8,+7 halberd "Psofuch" {chop, MR+ Str+1} (You found it on level 10 of the Dungeon)
  9450 | Bailey   | Entered a bailey
  9499 | Bailey   | Offered knowledge of Force Lance by Vehumet.
  9723 | Bailey   | Noticed an orc knight
  9724 | Bailey   | Noticed an orc knight
  9823 | Bailey   | Slain by an orc knight

Action                   |  1- 3 |  4- 6 |  7- 9 | 10-12 || total
-------------------------+-------+-------+-------+-------++-------
Melee: Unarmed           |    26 |       |       |       ||    26
       Dagger            |    43 |   137 |   164 |       ||   344
       Cutlass           |       |       |       |   170 ||   170
       Halberd           |       |       |       |    31 ||    31
 Cast: Magic Dart        |    29 |       |     7 |       ||    36
       Searing Ray       |     9 |    15 |    65 |    48 ||   137
       Iskenderun's Myst |       |       |     4 |    14 ||    18
       Throw Frost       |       |       |     3 |     7 ||    10
       Mephitic Cloud    |       |       |       |     1 ||     1
Evoke: Wand              |       |       |       |     1 ||     1
  Use: Potion            |     1 |     6 |     4 |    13 ||    24
       Scroll            |       |     5 |    14 |     9 ||    28
 Stab: Sleeping          |       |     5 |    10 |     3 ||    18
       Invisible         |       |       |       |     2 ||     2
